 Dungeon Sprint DCSS version 0.17-a0-2147-gfb20a63 (webtiles) character file.

4 esc the Poker (level 1, -2/25 HPs)
             Began as a Demonspawn Gladiator on Oct 24, 2015.
             Slain by a gnoll sergeant
             ... wielding a +0 spear
              (4 damage)
             ... in the Dungeon (Sprint IX: "|||||||||||||||||||||||||||||").
             The game lasted 00:00:31 (208 turns).

esc the Poker (Demonspawn Gladiator)                 Turns: 208, Time: 00:00:31

Health: -2/25      AC:  4    Str: 20    XL:     1   Next: 58%
Magic:  1/1        EV: 12    Int:  9    God:
Gold:   0          SH:  0    Dex: 13    Spells: 0 memorised, 0 levels left

rFire  . . .     SeeInvis .     a - +0 trident
rCold  . . .     Clarity  .     b - +0 leather armour
rNeg   . . .     SustAt   .     (no shield)
rPois  .         Gourm    .     c - +0 helmet
rElec  .         Spirit   .     (no cloak)
rCorr  .         Warding  .     (no gloves)
rMut   .         NoTele   +     (no boots)
MR     .....                    (no amulet)
Stlth  ..........               (no ring)
                                (no ring)

@: berserking (expiring), very quick, not resistant to hostile enchantments,
extremely unstealthy
A: no striking features
a: no special abilities


You were in the Dungeon.
You were not hungry.

You visited 1 branch

Inventory:

Hand Weapons
 a - a +0 trident (weapon)
Missiles
 d - 3 throwing nets {=f, !d}
Armour
 b - a +0 leather armour (worn)
 c - a +0 helmet (worn)
Scrolls
 k - a scroll of blinking {!r}
Potions
 f - a potion of curing
 g - a potion of heal wounds
 h - a potion of haste
 i - 2 potions of magic
Comestibles
 e - a bread ration {@e1}
 l - 4 chunks of flesh {@w0}


   Skills:
 + Level 2.4 Fighting
 + Level 3.1 Polearms
 - Level 1.7 Throwing
 + Level 1.1 Armour
 + Level 3.0 Dodging


You couldn't memorise any spells.
You didn't know any spells.

Dungeon Overview and Level Annotations

Branches:
Dungeon (1/1)

Altars:


Message History

The goblin misses you.
You closely miss the goblin. The goblin barely misses you.
You hit the goblin. The goblin hits you.
You take 1 damage, and have 11/17 hp.
You closely miss the goblin. The goblin hits you.
You take 1 damage, and have 10/17 hp.
You closely miss the goblin. The goblin barely misses you.
You puncture the goblin!
You kill the goblin!
Your Armour skill increases to level 1!
You miss the giant newt.
The giant newt bites you but does no damage.
The giant newt bites you.
You take 2 damage, and have 8/17 hp.
You closely miss the giant newt. The giant newt closely misses you.
You puncture the giant newt!
You kill the giant newt!
No target in view!
No target in view!
No target in view!
No target in view!
No target in view!
No target in view!
No target in view!
No target in view!
No target in view!
No target in view!
No target in view!
No target in view!
No target in view!
No target in view!
No target in view!
No target in view!
You butcher the rat corpse.
l - a chunk of flesh {@w0}
There is an open door to the Dungeon here.
You see here a stone.
There isn't anything to butcher here.
There isn't anything to butcher here.
Things that are here:
a club; a goblin corpse; a kobold corpse You butcher the goblin corpse.
l - 4 chunks of flesh {@w0} (gained 3)
Things that are here:
a club; a kobold corpse You butcher the kobold corpse.
Things that are here:
a club; 3 inedible chunks of flesh {@w0}; a kobold skeleton There isn't anything to butcher here.
You start resting.
Health restored: 17 You open the door.
A worker ant, a giant cockroach, a gnoll sergeant and 2 zombies come into view.
The worker ant twitches its antennae in your direction.
The gnoll sergeant shouts!
The gnoll sergeant hits you from afar with a spear.
You take 4 damage, and have 13/17 hp.
MASSIVE DAMAGE!!
Drink which item? (? for menu, Esc to quit)
Really quaff
j - a potion of berserk rage {!q}?
A red film seems to cover your vision as you go berserk!
You feel yourself moving faster!
You feel mighty!
The gnoll sergeant hits you from afar with a spear.
You now have 18/25 hp.
Attack whom?
Aim: a gnoll sergeant, wielding a spear and wearing a scale mail You reach to attack!
You hit the gnoll sergeant.
The gnoll sergeant hits you from afar with a spear!
You take 8 damage, and have 10/25 hp.
MASSIVE DAMAGE!!
Attack whom?
Aim: a gnoll sergeant, wielding a spear and wearing a scale mail (lightly wounded)
You reach to attack!
You closely miss the gnoll sergeant.
Attack whom?
Aim: a gnoll sergeant, wielding a spear and wearing a scale mail (lightly wounded)
You reach to attack!
You completely miss the gnoll sergeant. The gnoll sergeant barely misses you.
The worker ant waves its antennae.
Attack whom?
Aim: a gnoll sergeant, wielding a spear and wearing a scale mail (lightly wounded)
You reach to attack!
You hit the gnoll sergeant. The gnoll sergeant closely misses you.
Attack whom?
Aim: a gnoll sergeant, wielding a spear and wearing a scale mail (moderately wounded)
You reach to attack!
You barely miss the gnoll sergeant.
The gnoll sergeant hits you from afar with a spear!
* * * LOW HITPOINT WARNING * * *
You take 8 damage, and have 2/25 hp.
MASSIVE DAMAGE!!
You are too injured to fight recklessly!
You are too injured to fight recklessly!
You are too berserk!
Attack whom?
Aim: a gnoll sergeant, wielding a spear and wearing a scale mail (moderately wounded)
You reach to attack!
You puncture the gnoll sergeant!
Attack whom?
Aim: a gnoll sergeant, wielding a spear and wearing a scale mail (almost dead)
You reach to attack!
You barely miss the gnoll sergeant.
The gnoll sergeant hits you from afar with a spear.
You die... ▓▓▓▓▓▓▓▓▓▓▓▓▓▓▓▓▓▓▓ +asZZg'@...)(....<▓ ▓▓▓▓▓▓▓▓▓▓▓▓▓▓▓▓▓▓▓

You could see a gnoll sergeant, a worker ant, a bat zombie, a ball python zombie and a giant cockroach.

Vanquished Creatures
  A goblin (D)
  A kobold (D)
  A giant newt (D)
  2 rats (D)
5 creatures vanquished.

Notes
Turn   | Place    | Note
--------------------------------------------------------------
     0 | D        | esc the Demonspawn Gladiator began the quest for the Orb.
     0 | D        | Reached XP level 1. HP: 16/16 MP: 1/1
    17 | D        | Reached skill level 3 in Polearms
    19 | D        | Reached skill level 3 in Dodging
    24 | D        | Reached skill level 1 in Armour
   200 | D        | Noticed a worker ant
   200 | D        | Noticed a gnoll sergeant
   206 | D        | HP: 2/25 [gnoll sergeant/spear (8)]
   208 | D        | Slain by a gnoll sergeant

Vault maps used:
D:        linesprint

Action                   || total
-------------------------++-------
Melee: Trident           ||    29
  Use: Potion            ||     1

Vault maps used:
D:        linesprint

Table legend:
 A = Turns spent in this place as a percentage of turns spent in the entire game.
 B = Non-inter-level travel turns spent in this place as a percentage of non-inter-level travel turns spent in the entire game.
 C = Inter-level travel turns spent in this place as a percentage of turns spent in this place.
 D = Turns resting spent in this place as a percentage of non-inter-level travel turns spent in this place.
 E = Turns spent auto-exploring this place as a percentage of non-inter-level travel turns spent in this place.
 F = Non-inter-level travel turns spent in this place divided by the number of levels of this place that you've seen.
                   A       B       C       D       E      F
               +-------+-------+-------+-------+-------+----------------------
         Total | 100.0 | 100.0 |   0.0 |   2.9 |   0.0 |  68.0
       Dungeon | 100.0 | 100.0 |   0.0 |   2.9 |   0.0 |  68.0
               +-------+-------+-------+-------+-------+----------------------

Table legend:
 A = Kills in this place as a percentage of kills in entire the game.
 B = Kills by you in this place as a percentage of kills by you in the entire game.
 C = Kills by friends in this place as a percentage of kills by friends in the entire game.
 D = Other kills in this place as a percentage of other kills in the entire game.
 E = Experience gained in this place as a percentage of experience gained in the entire game.
 F = Experience gained in this place divided by the number of levels of this place that you have seen.
                   A       B       C       D       E      F
               +-------+-------+-------+-------+-------+----------------------
         Total | 100.0 | 100.0 |  -nan |  -nan | 100.0 |   7.0
       Dungeon | 100.0 | 100.0 |  -nan |  -nan | 100.0 |   7.0
               +-------+-------+-------+-------+-------+----------------------
